 Dungeon Crawl Stone Soup version 0.25-a0-577-ga4619f409e (webtiles) character file.

Game seed: 9124573393825302103, levelgen mode: deterministic

1815 Flugslaktarn the Cleaver (level 8, 0/71 HPs)
             Began as a Minotaur Fighter on Mar 2, 2020.
             Was a Follower of Cheibriados.
             Slain by a wyvern skeleton (5 damage)
             ... on level 6 of the Dungeon.
             The game lasted 00:01:54 (3821 turns).

Flugslaktarn the Cleaver (Minotaur Fighter)         Turns: 3821, Time: 00:01:55

Health: 0/71       AC: 11    Str: 25    XL:     8   Next: 85%
Magic:  9/9        EV:  8    Int:  8    God:    Cheibriados [*.....]
Gold:   198        SH: 11    Dex: 14    Spells: 7/7 levels left

rFire    + . .     SeeInvis .   a - +0 war axe
rCold    . . .     Gourm    .   c - +0 kite shield
rNeg     . . .     Faith    .   b - +0 scale mail
rPois    .         Spirit   .   (helmet restricted)
rElec    .         Reflect  .   u - +0 cloak
rCorr    .         Harm     .   i - +1 pair of gloves
MR       .....                  (no boots)
Stlth    ..........             (no amulet)
HPRegen  0.21/turn              f - ring of protection from fire
MPRegen  0.11/turn              (no ring)

@: marked, hasted, quick
A: retaliatory headbutt, horns 2
a: Bend Time, Renounce Religion


You were on level 6 of the Dungeon.
You worshipped Cheibriados.
Cheibriados was aware of your devotion.
You were not hungry.

You visited 2 branches of the dungeon, and saw 7 of its levels.

You collected 198 gold pieces.

Inventory:

Hand Weapons
 a - a +0 war axe (weapon)
Missiles
 m - a throwing net (quivered)
Armour
 b - a +0 scale mail (worn)
 c - a +0 kite shield (worn)
 i - a +1 pair of gloves (worn)
   (You found it on level 3 of the Dungeon)
 u - a +0 cloak (worn)
   (You found it on level 5 of the Dungeon)
Jewellery
 f - a ring of protection from fire (left hand)
   (You found it on level 6 of the Dungeon)
 t - a cursed -3 ring of evasion {unknown}
   (You found it on level 5 of the Dungeon)
Wands
 s - a wand of paralysis (6)
   (You found it on level 5 of the Dungeon)
Scrolls
 g - a scroll of enchant armour {unknown}
 j - a scroll of fog {unknown}
 n - 2 scrolls of magic mapping {unknown}
 r - 3 scrolls of identify {unknown}
 v - 2 scrolls of remove curse {unknown}
Potions
 d - a potion of might
 h - 2 potions of haste
 k - 2 potions of ambrosia {unknown}
 l - a potion of degeneration {unknown}
 o - a potion of stabbing {unknown}
 p - a potion of heal wounds {unknown}
 q - 3 potions of curing
Comestibles
 e - 7 rations


   Skills:
 + Level 6.8 Fighting
 * Level 8.6 Axes
 + Level 6.8 Armour
 + Level 7.0 Shields
 + Level 3.1 Invocations


You had 7 spell levels left.
You didn't know any spells.
Your spell library was empty.

Dungeon Overview and Level Annotations

Branches:
Dungeon (6/15)             Temple (1/1) D:4

Altars:
Ashenzari
Cheibriados
Dithmenos
Elyvilon
Fedhas
Gozag
Hepliaklqana
Kikubaaqudgha
Makhleb
Nemelex Xobeh
Okawaru
Qazlal
Ru
Sif Muna
Trog
Uskayaw
Vehumet
Wu Jian
Xom
Yredelemnul
Zin
The Shining One


Innate Abilities, Weirdness & Mutations

You reflexively headbutt those who attack you in melee.
You have a pair of horns on your head.


Message History

You are too injured to fight recklessly!
You are too injured to fight recklessly!
You are too injured to fight recklessly!
You are too injured to fight recklessly!
Unknown command.
Okay, then.
It was a potion of curing.
You feel better.
q - 3 potions of curing;
g - a scroll labeled NAOMAN MIJOROGH You block the hound's attack.
The centaur shoots an arrow.
The arrow hits you. You block the bullfrog's attack.
The ogre hits you with a +0 giant club!!
* * * LOW HITPOINT WARNING * * *
The wyvern skeleton closely misses you. The hound bites you but does no damage.
The centaur shoots an arrow.
The arrow hits you but does no damage.
It was a potion of haste.
You feel yourself speed up.
Cheibriados forgives your accidental hurry, just this once.
h - 2 potions of haste;
l - a golden potion The bullfrog hits you but does no damage.
You block the hound's attack. The wyvern skeleton bites you.
You die...

........ ......# ....
.....# .## #.. .... .##..#
.... #.. ..... ##.#
.h###.. ..<.. #.##
.o.#.###.... ## #..# ..
#.[..c..... .###.<##...
#.Zh...#
...#...#.....##F@O).##
.................(...####
..#.#........(....(.....##
..#.#..............(.....#
....................<..###
..................######
...................
...................
..................#


You could see an ogre, a bullfrog, a centaur, 2 hounds, an orc and a wyvern
skeleton.

Vanquished Creatures
  Pikel (D:5)
  A slave (D:5)
  A phantom (D:4)
  3 ogres
  A necrophage (D:6)
  A centaur (D:6)
  Blork the orc (D:4)
  A bullfrog (D:6)
  2 scorpions (D:4)
  A howler monkey (D:4)
  2 crimson imps (D:5)
  A bullfrog zombie (D:5)
  A centaur zombie (D:5)
  A hound (D:5)
  A jelly (D:6)
  An orc priest (D:5)
  2 orc wizards (D:4)
  4 worker ants
  A hound zombie (D:3)
  A hound skeleton (D:4)
  A worker ant zombie (D:3)
  7 gnolls
  5 adders
  2 adder zombies
  An adder skeleton (D:4)
  A worm (D:4)
  A dart slug (D:2)
  2 leopard geckos
  7 orcs
  7 bats (D:2)
  3 giant cockroaches
  2 goblins (D:2)
  3 hobgoblins
  4 jackals (D:2)
  2 kobolds
  2 quokkas (D:2)
  A ball python (D:4)
  A ball python zombie (D:3)
  2 frilled lizards
  2 jackal skeletons
  A leopard gecko skeleton (D:3)
  A leopard gecko zombie (D:3)
  A quokka zombie (D:5)
  3 rats
90 creatures vanquished.

Notes
Turn   | Place    | Note
-------+----------+-------------------------------------------
     0 | D:1      | Flugslaktarn the Minotaur Fighter began the quest for the
                  | Orb.
     0 | D:1      | Reached XP level 1. HP: 19/19 MP: 0/0
    66 | D:2      | Reached XP level 2. HP: 27/27 MP: 1/1
   204 | D:2      | Reached skill level 3 in Axes
   469 | D:2      | Reached XP level 3. HP: 33/33 MP: 2/2
   808 | D:3      | Reached XP level 4. HP: 28/40 MP: 3/3
   988 | D:4      | Reached skill level 4 in Axes
   988 | D:4      | Reached XP level 5. HP: 47/47 MP: 4/4
  1358 | D:4      | Found the +6 lightning scales {run, rElec}
  1457 | D:4      | Noticed an ogre
  1463 | D:4      | Killed an ogre
  1463 | D:4      | Reached skill level 5 in Axes
  1463 | D:4      | Reached skill level 5 in Shields
  1463 | D:4      | Reached XP level 6. HP: 36/55 MP: 5/5
  1593 | D:4      | Reached skill level 5 in Fighting
  1593 | D:4      | Reached skill level 5 in Armour
  1793 | D:4      | Noticed Blork the orc
  1797 | D:4      | Killed Blork the orc
  1797 | D:4      | Reached skill level 6 in Axes
  1797 | D:4      | Reached XP level 7. HP: 60/61 MP: 6/6
  2077 | D:4      | Found a staircase to the Ecumenical Temple.
  2087 | Temple   | Entered the Ecumenical Temple
  2369 | Temple   | Became a worshipper of Cheibriados the Contemplative
  2494 | D:4      | You fall into a shaft and drop 2 floors!
  2520 | D:6      | Reached skill level 1 in Invocations
  2728 | D:5      | Entered Level 5 of the Dungeon
  2734 | D:5      | Reached skill level 7 in Axes
  2739 | D:5      | Reached XP level 8. HP: 70/70 MP: 8/8
  2757 | D:5      | Reached * piety under Cheibriados
  2995 | D:5      | Noticed Pikel
  3013 | D:5      | Killed Pikel
  3013 | D:5      | Reached skill level 8 in Axes
  3657 | D:4      | Found an opulent altar of Gozag.
  3821 | D:6      | Slain by a wyvern skeleton

Levels and vault maps discovered:
D:1:      scummos_arrival_star, layout_rooms
D:2:      layout_basic, first_ration
D:3:      layout_loops_ring, serial_undead, serial_undead_b, serial_undead_c,
          serial_undead_e, serial_undead_b, serial_undead_a, serial_undead_d,
          serial_undead_c, chequers_ecumenical_altar_lobes, grunt_ministairs_6,
          uniq_natasha
D:4:      layout_loops_cross, marbit_many_paths, temple_hall, uniq_blork_the_orc
D:5:      layout_rooms, uniq_pikel
D:6:      minmay_angry_zag, layout_cave_pools
Temple:   roderic_octagonal_lattice_temple

Skill      XL: |  1  2  3  4  5  6  7  8 |
---------------+-------------------------+-----
Axes           | 3 4 5 6 7 8 |  8.6
Shields        | 4 5 6 7 |  7.0
Fighting       | 4 5 6 |  6.8
Armour         | 4 5 6 |  6.8
Invocations    | 1 3 |  3.1

Action                   |  1- 3 |  4- 6 |  7- 9 || total
-------------------------+-------+-------+-------++-------
Melee: War axe           |    94 |    69 |   108 ||   271
       Headbutt          |    11 |    11 |    26 ||    48
  Use: Potion            |       |       |     2 ||     2
  Eat: Chunk             |       |     3 |     5 ||     8
Armor: Scale mail        |    74 |    31 |    66 ||   171
Dodge: Dodged            |    50 |    19 |    42 ||   111
Block: Kite shield       |    64 |    33 |    84 ||   181

Table legend:
 A = Non-vault XP
 B = Vault XP
 C = Vault XP percentage of total XP
 D = Non-vault monster count
 E = Vault monster count
 F = Vault count percentage of total count
                 A         B        C        D         E       F
            +---------+---------+-------+---------+---------+-------
      Total |    1798 |     795 |  30.7 |      79 |      10 |  11.2
            +---------+---------+-------+---------+---------+-------
        D:1 |       1 |       0 |   0.0 |       1 |       0 |   0.0
        D:2 |      56 |       0 |   0.0 |      24 |       0 |   0.0
        D:3 |       3 |      60 |  95.2 |       2 |       8 |  80.0
        D:4 |     687 |      94 |  12.0 |      23 |       1 |   4.2
        D:5 |     522 |     641 |  55.1 |      16 |       1 |   5.9
        D:6 |     529 |       0 |   0.0 |      13 |       0 |   0.0
            +---------+---------+-------+---------+---------+-------
